 Dungeon Crawl Stone Soup version 0.26-a0-64-g059e62fbdb (webtiles) character file.

Game seed: 12384623990448358617

470 Flubber the Cudgeler (level 7, 0/44 HPs)
             Began as a Gargoyle Fighter on June 10, 2020.
             Splashed by a jelly's acid (10 damage)
             ... on level 5 of the Dungeon.
             The game lasted 00:07:43 (4103 turns).

Flubber the Cudgeler (Gargoyle Fighter)             Turns: 4103, Time: 00:07:45

Health: 0/44       AC:  0    Str: 22    XL:     7   Next: 9%
Magic:  7/7        EV: 11    Int:  8    God:
Gold:   166        SH:  0    Dex:  9    Spells: 6/6 levels left

rFire    . . .     SeeInvis +   m - +0 mace
rCold    . . .     Gourm    .   (no shield)
rNeg     + . .     Faith    .   y - +0 leather armour
rPois    ∞         Spirit   .   k - +2 hat
rElec    +         Reflect  .   (no cloak)
rCorr    .         Harm     .   p - +0 pair of gloves
MR       .....                  (no boots)
Stlth    +.........             (no amulet)
HPRegen  0.14/turn              i - ring of see invisible
MPRegen  0.10/turn              (no ring)

@: corroded
A: negative energy resistance 1, electricity resistance, unbreathing,
petrification resistance, rot immunity, AC +4
a: no special abilities


You were on level 5 of the Dungeon.
You were not hungry.

You visited 1 branch of the dungeon, and saw 5 of its levels.

You collected 166 gold pieces.

Inventory:

Hand Weapons
 a - a +0 flail
 j - a cursed +0 hand axe
 m - a +0 mace (weapon)
Armour
 b - a +0 scale mail
 c - a +0 kite shield
 k - a +2 hat (worn)
 p - a +0 pair of gloves (worn)
 x - a +0 chain mail
 y - a +0 leather armour (worn)
Jewellery
 i - a ring of see invisible (left hand)
Wands
 s - a wand of digging (4)
 u - a wand of flame (37)
Scrolls
 h - 2 scrolls of magic mapping {unknown}
 l - a scroll of enchant weapon {unknown}
 n - 2 scrolls of remove curse {unknown}
 q - a scroll of enchant armour {unknown}
 r - a scroll of fog {unknown}
 v - a scroll of immolation {unknown}
 w - a scroll of identify {unknown}
 z - a scroll of fear {unknown}
Potions
 e - 2 potions of stabbing {unknown}
 g - a potion of heal wounds {unknown}
 o - a potion of brilliance {unknown}
 t - 3 potions of haste {unknown}
Comestibles
 f - 6 rations


   Skills:
 + Level 4.8 Fighting
 * Level 4.9 Maces & Flails
 + Level 4.8 Armour
 + Level 4.7 Shields


You had 6 spell levels left.
You didn't know any spells.
Your spell library was empty.

Dungeon Overview and Level Annotations

Branches:
Dungeon (5/15)
 Temple: D:4-7

Altars:
Nemelex Xobeh


Innate Abilities, Weirdness & Mutations

You are resistant to torment.
Your stone body is resilient. (AC +4)
You are immune to poison.
You resist negative energy. (rN+)
You are resistant to electric shocks. (rElec)
You can survive without breathing.
You are immune to petrification.
You are immune to rotting.


Message History

The jelly is lightly wounded.
The adder barely misses you. The jelly closely misses you.
You thump the jelly! The acid corrodes you!
Your hands burn!
The jelly is heavily wounded.
The adder barely misses you. The jelly hits you but does no damage.
You are too injured to fight recklessly!
You are too injured to fight recklessly!
You are too injured to fight recklessly!
You are too injured to fight recklessly!
You hit the jelly.
Your hands burn!
The jelly is severely wounded.
The adder misses you. The jelly hits you but does no damage.
The adder barely misses you.
You hit the jelly but do no damage. The acid corrodes you!
Your hands burn!
* * * LOW HITPOINT WARNING * * *
The jelly is severely wounded.
The adder barely misses you. The jelly hits you.
* * * LOW HITPOINT WARNING * * *
You are splashed with acid!
You die...

##........?.
......?.<..##
#..........# .
##..........#.#
##.............#
..............#
........J.....#
........@†....#
....#?...S.#.##
. #.....#..#
#.....# ##
#...... #......#
#......#
#.....##


You could see a jelly and an adder.

Vanquished Creatures
  An ogre (D:3)
  A bullfrog skeleton (D:4)
  An iguana (D:2)
  Jessica (D:3)
  An orc wizard (D:4)
  A worker ant (D:5)
  16 adders
  3 oozes
  4 worms
  3 dart slugs
  4 leopard geckos
  5 orcs
  3 giant cockroaches
  9 goblins
  4 hobgoblins
  2 jackals (D:3)
  A quokka (D:4)
  3 ball pythons (D:2)
  8 bats
  6 frilled lizards
  9 kobolds
  A quokka skeleton (D:4)
  7 rats
94 creatures vanquished.

Notes
Turn   | Place    | Note
-------+----------+-------------------------------------------
     0 | D:1      | Flubber the Gargoyle Fighter began the quest for the Orb.
     0 | D:1      | Reached XP level 1. HP: 14/14 MP: 1/1
   198 | D:1      | Reached XP level 2. HP: 14/19 MP: 2/2
   690 | D:1      | Reached XP level 3. HP: 21/23 MP: 3/3
  1387 | D:2      | Reached XP level 4. HP: 29/29 MP: 4/4
  1832 | D:2      | Reached XP level 5. HP: 33/33 MP: 5/5
  2494 | D:3      | Noticed Jessica
  2497 | D:3      | Killed Jessica
  2564 | D:3      | Noticed an ogre
  2573 | D:3      | Killed an ogre
  2573 | D:3      | Reached XP level 6. HP: 3/39 MP: 6/6
  3551 | D:4      | Found a sparkling altar of Nemelex Xobeh.
  3926 | D:4      | Reached XP level 7. HP: 41/44 MP: 7/7
  4084 | D:5      | Entered Level 5 of the Dungeon
  4103 | D:5      | Splashed by a jelly's acid

Illustrated notes

Levels and vault maps discovered:
D:1:      minmay_arrival_open_corners, layout_basic, grunt_decor_cap,
          st_stairs_7, minmay_tromino_v7
D:2:      layout_loops_ring, first_ration
D:3:      layout_basic, uniq_jessica
D:4:      layout_cave_pools, lemuel_round_altar
D:5:      layout_rooms, tgw_fedhas, grunt_decor_one_mirror

Skill      XL: |  1  2  3  4  5 |
---------------+----------------+-----
Maces & Flails | 3 4 |  4.9
Fighting       | 4 |  4.8
Armour         | 4 |  4.8
Shields        | 4 |  4.7

Action                   |  1- 3 |  4- 6 |  7- 9 || total
-------------------------+-------+-------+-------++-------
Melee: Flail             |    95 |       |       ||    95
       Mace              |    25 |   318 |    18 ||   361
  Use: Potion            |       |     1 |       ||     1
  Eat: Chunk             |     2 |     8 |     1 ||    11
Armor: Scale mail        |    72 |   160 |       ||   232
       Leather armour    |       |    73 |    17 ||    90
Dodge: Dodged            |    37 |   215 |    32 ||   284
Block: Kite shield       |    87 |    39 |       ||   126

Table legend:
 A = Non-vault XP
 B = Vault XP
 C = Vault XP percentage of total XP
 D = Non-vault monster count
 E = Vault monster count
 F = Vault count percentage of total count
                 A         B        C        D         E       F
            +---------+---------+-------+---------+---------+-------
      Total |     629 |      43 |   6.4 |      89 |       5 |   5.3
            +---------+---------+-------+---------+---------+-------
        D:1 |      35 |       6 |  14.6 |      17 |       4 |  19.0
        D:2 |     144 |       0 |   0.0 |      27 |       0 |   0.0
        D:3 |     256 |      37 |  12.6 |      28 |       1 |   3.4
        D:4 |     160 |       0 |   0.0 |      16 |       0 |   0.0
        D:5 |      34 |       0 |   0.0 |       1 |       0 |   0.0
            +---------+---------+-------+---------+---------+-------
